 Dungeon Crawl Stone Soup version 0.30-a0-1018-g25214051b3 (webtiles) character file.

Game seed: 12043923610807042982

246302 greenreed the Sorcerer (level 18, -23/74 HPs)
             Began as a Spriggan Conjurer on Apr 7, 2023.
             Was the Champion of Vehumet.
             Shot with a bolt by a yaktaur captain (40 damage)
             ... on level 2 of the Vaults.
             The game lasted 03:05:30 (51127 turns).

greenreed the Sorcerer (Spriggan Conjurer)         Turns: 51127, Time: 03:05:30

Health: -23/74     AC:  9    Str:  3    XL:     18   Next: 79%
Magic:  18/54      EV: 28    Int: 26    God:    Vehumet [******]
Gold:   4011       SH:  0    Dex: 15    Spells: 10/61 levels left

rFire   + . .      SeeInvis +    a - +9 staff of Olgreb {rPois∞}
rCold   + . .      Faith    +    (shield currently unavailable)
rNeg    . . .      Spirit   .    Q - +3 robe of Clouds {*Thunder rCloud rElec}
rPois   ∞          Reflect  .    Y - +0 hat of Tot Popi {Contam Will++ Slay+2}
rElec   +          Rampage  .    r - scarf {rC+ rF+}
rCorr   .                        (gloves unavailable)
Will    +++++                    (boots unavailable)
Stlth   ++                       T - amulet of faith
HPRegen 0.32/turn                G - ring of magical power
MPRegen 0.34/turn                y - +4 ring of protection

@: very quick
A: very small, no large weapons, unfitting armour, see invisible, speed 3
}: 2/15 runes: decaying, gossamer
a: Renounce Religion, Evoke the Staff of Olgreb


You were on level 2 of the Vaults.
You worshipped Vehumet.
Vehumet was exalted by your worship.
You visited 7 branches of the dungeon, and saw 33 of its levels.
You also visited: Sewer, Bailey and Ice Cave.

You collected 4651 gold pieces.
You spent 640 gold pieces at shops.

Inventory:

Hand Weapons
 a - the +9 staff of Olgreb (weapon) {rPois∞}
   (You acquired it on level 7 of the Dungeon)

   It enhances your poison magic.
   It grants immunity to poison.
   It can be activated via the 'a'bility menu to radiate toxic energy, with
   effectiveness depending on Evocations skill.
Armour
 r - a scarf of resistance (worn)
 Q - the +3 robe of Clouds (worn) {*Thunder rCloud rElec}
   (You acquired it on level 7 of the Dungeon)

   *Thunder:  It occasionally creates storm clouds above nearby enemies.
   rCloud:    It grants its wearer immunity to clouds.
   rElec:     It insulates you from electricity.
 R - a scarf of repulsion
 Y - the +0 hat of Tot Popi (worn) {Contam Will++ Slay+2}
   (You found it in an ice cave)

   Slay:      It affects your accuracy & damage with ranged weapons and melee
   (+2).
   Contam:    It causes magical contamination when unequipped.
   Will:      It greatly increases your willpower.
Magical Staves
 P - the staff of conjuration "Zififiy" {rCorr SInv}
   (You acquired it on level 7 of the Dungeon)

   [staff of conjuration]

   Base accuracy: +5 Base damage: 5 Base attack delay: 1.2 This weapon's minimum
   attack delay (0.6) is reached at skill level 12.
   SInv:      It lets you see invisible.
   rCorr:     It protects you from acid and corrosion.
   It falls into the 'Staves' category.
   It is a two-handed weapon.
Jewellery
 e - a ring of positive energy
 i - an amulet of magic regeneration
 v - a ring of flight
 y - a +4 ring of protection (right hand)
 G - a ring of magical power (left hand)
 O - a ring of positive energy
 S - a ring of protection from fire
 T - an amulet of faith (around neck)
 W - a ring of protection from fire
Wands
 w - a wand of iceblast (31)
 D - a wand of polymorph (16)
 I - a wand of paralysis (25)
 M - a wand of digging (10)
 U - a wand of mindburst (22)
 X - a wand of flame (19)
Scrolls
 d - 9 scrolls of fog
 g - 9 scrolls of vulnerability
 h - 5 scrolls of immolation
 k - 6 scrolls of amnesia
 m - 7 scrolls of magic mapping
 n - 20 scrolls of teleportation
 o - 5 scrolls of fear
 B - 6 scrolls of enchant weapon
 C - 4 scrolls of silence
 E - 4 scrolls of torment
 J - 4 scrolls of brand weapon
 K - 2 scrolls of butterflies
 L - 5 scrolls of poison
 N - 6 scrolls of blinking
 V - 4 scrolls of enchant armour
Potions
 b - 6 potions of magic
 c - 16 potions of curing
 f - 3 potions of flight
 j - 3 potions of heal wounds
 p - 7 potions of lignification
 q - 7 potions of might
 s - 9 potions of resistance
 t - 7 potions of mutation
 u - a potion of berserk rage
 x - 4 potions of brilliance
 z - 3 potions of cancellation
 A - 4 potions of haste
 F - 11 potions of ambrosia
 H - 6 potions of attraction
 Z - 3 potions of invisibility


   Skills:
 + Level 17.5 Dodging
 - Level 3.0 Stealth
 * Level 22.2 Spellcasting
 * Level 15.2 Conjurations
 + Level 6.0 Fire Magic
 + Level 9.9 Air Magic
 - Level 7.3 Earth Magic
 - Level 0.5 Poison Magic
 + Level 14.1 Evocations


You had 10 spell levels left.
You knew the following spells:

 Your Spells              Type           Power      Damage    Failure   Level
a - Magic Dart            Conj           100%       1d8       0%          1
b - Searing Ray           Conj           100%       2d8       0%          2
c - Mephitic Cloud        Conj/Pois/Air  84%        N/A       1%          3
d - Ignite Poison         Fire/Tmut/Pois 57%        N/A       1%          3
e - Dazzling Flash        Conj/Hex       100%       N/A       1%          3
f - Iskenderun's Mystic   Conj/Tloc      62%        2d13      1%          4
g - Lee's Rapid Deconstr  Erth           30%        3d16*     1%          5
h - Conjure Ball Lightni  Conj/Air       38%        3x3d12    1%          6
i - Yara's Violent Unrav  Hex/Tmut       14%        3d7       11%         5
j - Orb of Destruction    Conj           41%        9d11      1%          7
k - Iron Shot             Conj/Erth      36%        9d7       1%          6
l - Plasma Beam           Fire/Air       31%        2x1d48    2%          6

Your spell library contained the following spells:

 Spells                   Type           Power      Damage    Failure   Level
 Ignition                 Fire           28%        3d9       83%         8
 Chain Lightning          Conj/Air       38%        3d50      86%         9
 Shatter                  Erth           30%        3d25*     100%        9
 Necrotise                Necr           100%       1d9       1%          1
 Slow                     Hex            100%       N/A       1%          1
 Summon Small Mammal      Summ           100%       N/A       1%          1
 Call Imp                 Summ           56%        N/A       1%          2
 Cigotuvi's Dreadful Rot  Necr/Pois/Air  100%       N/A       1%          2
 Ensorcelled Hibernation  Hex/Ice        56%        N/A       1%          2
 Passwall                 Tmut/Erth      39%        N/A       1%          2
 Poisonous Vapours        Pois/Air       100%       N/A       1%          2
 Scorch                   Fire           100%       2d9       1%          2
 Frozen Ramparts          Ice            56%        1d9       1%          3
 Hailstorm                Conj/Ice       62%        3d13      1%          3
 Swiftness                Air            69%        N/A       1%          3
 Vhi's Electric Charge    Tloc/Air       100%       N/A       1%          3
 Volatile Blastmotes      Fire/Tloc      88%        2d17      1%          3
 Flame Wave               Conj/Fire      71%        2d16      1%          4
 Fulminant Prism          Conj/Hex       31%        3d15      1%          4
 Arcjolt                  Conj/Air       38%        1d48      1%          5
 Freezing Cloud           Conj/Ice/Air   32%        6-21      1%          5
 Iskenderun's Battlesphe  Conj           82%        2d13      1%          5
 Starburst                Conj/Fire      35%        6d10      1%          6
 Spider Form              Tmut/Pois      45%        N/A       3%          3
 Confusing Touch          Hex            28%        N/A       4%          3
 Vampiric Draining        Necr           28%        2d8       4%          3
 Silence                  Hex/Air        26%        N/A       4%          5
 Anguish                  Hex/Necr       14%        N/A       13%         4
 Dispel Undead            Necr           28%        3d13      13%         4
 Ice Form                 Ice/Tmut       28%        N/A       13%         4
 Agony                    Necr           28%        N/A       36%         5
 Summon Forest            Summ/Tloc      14%        N/A       36%         5
 Summon Mana Viper        Hex/Summ       28%        N/A       36%         5
 Death Channel            Necr           14%        N/A       90%         6
 Simulacrum               Ice/Necr       14%        N/A       90%         6
 Summon Cactus Giant      Summ           14%        N/A       90%         6
 Ozocubu's Refrigeration  Ice            14%        4d10      93%         7


Dungeon Overview and Level Annotations

Branches:
Dungeon (15/15)            Temple (1/1) D:7            Lair (5/5) D:10
  Swamp (4/4) Lair:3       Spider (4/4) Lair:3        Slime (0/5) Lair:4
    Orc (2/2) D:12            Elf (0/3) Orc:2        Vaults (2/5) D:13
  Crypt (0/3) Vaults:2     Depths (0/4) D:15          Sewer (visited)
 Bailey (visited)           IceCv (visited)

Altars:
Ashenzari
Cheibriados
Dithmenos
Elyvilon
Fedhas
Gozag
Hepliaklqana
Kikubaaqudgha
Makhleb
Nemelex Xobeh
Okawaru
Qazlal
Ru
Sif Muna
Trog
Uskayaw
Vehumet
Wu Jian
Xom
Yredelemnul
Zin
The Shining One
Jiyva

Shops:
D:14 =   Orc:2 !?(=[

Portals:
Trove: D:15 (give +2 gold dragon scales)

Annotations:
D:8 exclusion: oklob plant


Innate Abilities, Weirdness & Mutations

You are very small and have problems with some larger weapons.
You are too small for most types of armour.
You have supernaturally acute eyesight. (SInv)
You cover ground extremely quickly. (Speed+++)


Message History

The yaktaur captain shoots a bolt.
The bolt misses you.
Electricity crackles from the ironbound thunderhulk's apparatus.
The bolt of lightning hits you!! You resist.
Casting: Orb of Destruction (dangerous; 1% risk of failure)
Confirm with . or Enter, or press ? or * to list all spells.
Aiming: Orb of Destruction (dangerous; 1% risk of failure)
Press: ? - help, Shift-Dir - straight line, f - yaktaur captain, p - ironbound thunderhulk
Aim: a yaktaur captain, wielding a +0 arbalest (lightly wounded, very poisoned)
The ironbound thunderhulk looks even sicker.
The yaktaur captain shoots a bolt.
The bolt misses you.
Your toxic aura wanes.
The yaktaur captain shoots a bolt.
The bolt hits you but does no damage.
The orb of destruction hits the yaktaur captain!!!
The yaktaur captain is almost dead.
The yaktaur captain shoots a bolt.
The bolt hits you!
Casting: Orb of Destruction (dangerous; 1% risk of failure)
Confirm with . or Enter, or press ? or * to list all spells.
Aiming: Orb of Destruction (dangerous; 1% risk of failure)
Press: ? - help, Shift-Dir - straight line, f - ironbound thunderhulk
Aim: an ironbound thunderhulk, wielding a +0 dire flail and wearing a +0 animal skin (lightly wounded, very poisoned)
The orb of destruction hits the ironbound thunderhulk!!!
The ironbound thunderhulk is almost dead.
Casting: Orb of Destruction (dangerous; 1% risk of failure)
Confirm with . or Enter, or press ? or * to list all spells.
Aiming: Orb of Destruction (dangerous; 1% risk of failure)
Press: ? - help, Shift-Dir - straight line, f/p - ironbound thunderhulk
Aim: an ironbound thunderhulk, wielding a +0 dire flail and wearing a +0 animal skin (almost dead, very poisoned)
The wavering orb of destruction hits the ironbound thunderhulk!!!
You blow up the ironbound thunderhulk!
Vehumet accepts your kill.
The yaktaur captain shoots a bolt.
The bolt hits you!!
* * * LOW HITPOINT WARNING * * *
Casting: Orb of Destruction (dangerous; 1% risk of failure)
Confirm with . or Enter, or press ? or * to list all spells.
Aiming: Orb of Destruction (dangerous; 1% risk of failure)
Press: ? - help, Shift-Dir - straight line, f - yaktaur captain
Aim: a yaktaur captain, wielding a +0 arbalest (almost dead, poisoned)
The yaktaur captain shoots a bolt.
The bolt hits you!!!
Ouch! That really hurt!
You die...

##..[.°°..# #........
$......... #........ .
###..c.....###........ ..
............#........
...###........###........
...'.....##.....#........
#...)°##.....#........
###.○*.....###........
#....@.......#........
###........###........
#............'........
###........###........
............#........
####'#########........
.'.. #........ ..'..
#........ ## #........


You could see a yaktaur captain (poisoned, ally target).

Vanquished Creatures
  Nikola (Spider:3)
  An Ice Fiend (IceCv)
  Rupert (Spider:1)
  Frances (Spider:2)
  An ancient champion (Vaults:2)
  The ghost of freelancePsychic the Spear-Bearer, an adept TrWn of Elyvilon (Spider:1)
  The ghost of Unforgiven the Bludgeoner, an adept AtFi of Gozag (Swamp:3)
  A thorn hunter (Swamp:4)
  A fenstrider witch (Swamp:1)
  The ghost of Pesouf the Phalangite, an adept MfHs of Okawaru (Spider:1)
  The ghost of workcheese the Warrior, a journeyman MiBe of Trog (Spider:1)
  The ghost of EonDragon20 the Black Belt, an adept MfTm of Fedhas (Spider:1)
  3 emperor scorpions (Spider:4)
  3 ghost moths (Spider:4)
  An ironbound preserver (Vaults:2)
  A ghoul (Swamp:3)
  3 broodmothers
  5 very ugly things (Vaults:1)
  A vampire knight (Vaults:2)
  5 eleionomae
  A reaper (Vaults:2)
  2 ironbound thunderhulks
  5 dire elephants
  7 bunyips
  4 spark wasps
  3 fire dragons (Swamp:4)
  3 yaktaur captains (Vaults:1)
  3 entropy weavers
  2 ettins
  The ghost of greenreed the Fighter, a journeyman MiFi of Nemelex Xobeh (D:12)
  3 great orbs of eyes
  4 vault guards (D:13)
  A ghost crab (Swamp:3)
  3 radroaches
  13 hydras
  A spriggan air mage (Swamp:3)
  4 centaur warriors
  An ironbound frostheart (Vaults:1)
  2 jorogumos
  6 boulder beetles
  Erica (D:9)
  4 alligators
  2 two-headed ogres
  A death yak (Lair:2)
  5 tengu warriors
  6 orc high priests
  A deep elf knight (Swamp:4)
  Amaemon (D:8)
  3 skysharks
  A shadow wraith (D:12)
  2 skeletal warriors (D:11)
  A fire crab (Swamp:4)
  4 goliath frogs
  4 pharaoh ants (Spider:4)
  3 sun moths
  6 orb spiders
  3 deep trolls (Vaults:2)
  9 swamp dragons
  10 bog bodies
  A spriggan druid (Swamp:1)
  A deep elf archer (Swamp:4)
  7 lindwurms
  2 ironbound convokers
  3 wizards
  An orange crystal statue (IceCv)
  A deep elf pyromancer (D:14)
  3 phantasmal warriors
  An obsidian statue (IceCv)
  8 steelbarb worms
  A necromancer (D:15)
  4 orc sorcerers
  9 orc knights
  26 ugly things
  26 wolf spiders
  5 cyclopes
  11 will-o-the-wisps
  A manticore (D:14)
  A moth of wrath (Spider:1)
  A black mamba (Lair:5)
  Joseph (D:8)
  A molten gargoyle (Swamp:4)
  A gargoyle (D:12)
  21 cane toads
  6 vault sentinels
  9 demonic crawlers
  An orange demon (D:8)
  4 torpor snails
  2 unseen horrors (D:11)
  5 rime drakes
  4 kobold demonologists
  9 yaktaurs (Vaults:1)
  2 tengu conjurers
  5 komodo dragons
  6 ice devils
  An anaconda simulacrum (IceCv)
  9 freezing wraiths
  A guardian mummy (D:15)
  A queen bee (D:8)
  5 trolls
  A golden dragon simulacrum (IceCv)
  8 polar bears
  11 hornets
  29 tarantellas
  25 blink frogs
  A raiju (Swamp:4)
  6 tyrant leeches
  10 dream sheep (Lair:5)
  25 slime creatures
  A centaur simulacrum (D:14)
  24 culicivoras
  20 jumping spiders
  5 spriggans
  A shadow (D:11)
  6 wyverns
  A dire elephant simulacrum (IceCv)
  2 wraiths
  5 basilisks
  8 humans (D:13)
  51 yaks
  Grum (D:9)
  49 redbacks
  A death yak simulacrum (Lair:2)
  4 steam dragons
  16 vampire mosquitoes
  4 minotaur simulacra (IceCv)
  2 wargs (Orc:2)
  A harpy simulacrum (IceCv)
  14 swamp worms
  4 acid dragons
  19 water moccasins
  A hydra simulacrum (IceCv)
  A sky beast (D:7)
  42 orc warriors
  2 ice beasts
  10 swamp drakes
  2 black bears
  Pargi (Sewer)
  An ettin simulacrum (IceCv)
  4 ogres
  6 wolves
  11 centaurs
  A phantom (D:5)
  18 bullfrogs
  3 kobold brigands
  A deep troll simulacrum (IceCv)
  A cane toad simulacrum (Lair:2)
  3 gnoll sergeants (D:10)
  5 wights (D:10)
  37 killer bees
  9 electric eels
  6 howler monkeys
  13 jellies
  30 orc priests
  A gnoll bouda (D:5)
  3 hounds
  A sleepcap (D:8)
  4 iguanas
  Ijyb (D:3)
  4 hell rats (Lair:2)
  23 orc wizards
  5 spriggan simulacra
  A polar bear simulacrum (Lair:2)
  2 troll simulacra (Lair:2)
  9 adders
  33 gnolls
  4 white imps
  An ufetubus (D:6)
  5 worms
  4 dart slugs
  101 orcs
  6 ball pythons
  18 endoplasms
  6 giant cockroaches
  26 goblins
  23 hobgoblins
  5 jackals
  20 kobolds
  10 quokkas
  6 bats
  5 frilled lizards
  6 rats
1273 creatures vanquished.

Vanquished Creatures (collateral kills)
  A ball lightning (Lair:5)
1 creature vanquished.

Vanquished Creatures (others)
  An orb spider (Spider:3)
  A bloated husk (Swamp:2)
  2 steam dragons (Swamp:4)
  A swamp worm (Swamp:2)
  26 ball lightnings
  28 foxfires
  54 fungi
  102 plants
  2 withered plants (Spider:1)
217 creatures vanquished.

Grand Total: 1491 creatures vanquished

Notes
Turn   | Place    | Note
-------+----------+-------------------------------------------
     0 | D:1      | greenreed the Spriggan Conjurer began the quest for the
                  | Orb.
     0 | D:1      | Reached XP level 1. HP: 9/9 MP: 5/5
   217 | D:1      | Reached skill level 3 in Spellcasting
   255 | D:1      | Reached XP level 2. HP: 13/13 MP: 4/7
   457 | D:1      | Learned a level 2 spell: Searing Ray
  1388 | D:2      | Reached XP level 3. HP: 16/16 MP: 1/9
  1494 | D:2      | Identified the +0 leather armour of the Four Tables {rF+
                  | Regen+}
  1993 | D:2      | Reached XP level 4. HP: 21/21 MP: 4/10
  2064 | D:2      | Reached skill level 4 in Spellcasting
  3068 | D:3      | Reached XP level 5. HP: 24/24 MP: 8/12
  3315 | D:3      | Noticed Ijyb
  3331 | D:3      | Killed Ijyb
  3770 | D:3      | Found the +5 robe of Misfortune {Harm *Corrode *Slow EV+5}
  3854 | D:3      | Reached skill level 5 in Spellcasting
  4566 | D:4      | Found a glowing drain.
  4570 | Sewer    | Entered a sewer
  4661 | Sewer    | Noticed Pargi
  4668 | Sewer    | Killed Pargi
  4669 | Sewer    | Reached XP level 6. HP: 28/28 MP: 5/15
  4747 | Sewer    | Identified the +8 short sword of Execution {elec, Will+
                  | rCorr Stlth-}
  5020 | D:4      | Reached skill level 6 in Spellcasting
  5173 | D:4      | Found a stormy altar of Qazlal.
  5423 | D:4      | Reached skill level 5 in Dodging
  5535 | D:4      | Reached XP level 7. HP: 32/32 MP: 17/17
  6080 | D:5      | Entered Level 5 of the Dungeon
  6299 | D:5      | Reached skill level 5 in Conjurations
  6388 | D:5      | Reached skill level 7 in Spellcasting
  6755 | D:5      | Reached XP level 8. HP: 36/36 MP: 18/20
  7655 | D:6      | Found an ancient bone altar of Kikubaaqudgha.
  7696 | D:6      | Reached skill level 8 in Spellcasting
  8050 | D:6      | Found an ornate altar of the Wu Jian Council.
  8051 | D:6      | Found a broken altar of Ashenzari.
  8319 | D:7      | Found a flagged portal.
  8331 | Bailey   | Entered a bailey
  8597 | Bailey   | Reached skill level 9 in Spellcasting
  8833 | Bailey   | Noticed an orc sorcerer
  8851 | Bailey   | Noticed a rust devil
  8899 | Bailey   | Killed an orc sorcerer
  8900 | Bailey   | Reached XP level 9. HP: 14/39 MP: 23/23
  9025 | Bailey   | Learned a level 3 spell: Mephitic Cloud
  9162 | Bailey   | Reached skill level 10 in Spellcasting
  9230 | Bailey   | Noticed an orc knight
  9261 | Bailey   | Killed an orc knight
  9404 | Bailey   | Found an iron altar of Okawaru.
  9404 | Bailey   | Noticed a kobold demonologist
  9415 | Bailey   | Noticed a rust devil
  9417 | Bailey   | Killed a kobold demonologist
  9537 | Bailey   | Identified the +3 scale mail of Okawaru, Enchanting {rF+
                  | Will+ MP+9 Int-4}
  9557 | Bailey   | Identified the +2 glaive of the Intense God {pain, *Rage
                  | rElec rF++ Str+3}
 10111 | Bailey   | Reached skill level 11 in Spellcasting
 10231 | D:7      | Acquired the staff of conjuration "Zififiy" {rCorr SInv}
 10238 | D:7      | Acquired the +3 robe of Clouds {*Thunder rCloud rElec}
 10238 | D:7      | Found the +3 robe of Clouds {*Thunder rCloud rElec}
 10251 | D:7      | Acquired the +9 staff of Olgreb {rPois∞}
 10251 | D:7      | Found the +9 staff of Olgreb {rPois∞}
 10254 | D:7      | Acquired 1240 gold pieces
 10345 | D:7      | Reached XP level 10. HP: 44/44 MP: 22/26
 10426 | D:7      | Found a staircase to the Ecumenical Temple.
 10432 | Temple   | Entered the Ecumenical Temple
 10489 | Temple   | Became a worshipper of Vehumet
 10765 | D:7      | Identified the +4 sling of Pighitocs {speed, Int+6}
 10990 | D:8      | Found a blossoming altar of Fedhas.
 11124 | D:8      | Found an iron altar of Okawaru.
 11129 | D:8      | Noticed Joseph
 11155 | D:8      | Killed Joseph
 11282 | D:8      | Identified the +5 spear of World's End {pain, Int+6}
 11342 | D:8      | Noticed an orange demon
 11345 | D:8      | Noticed Amaemon
 11354 | D:8      | Killed an orange demon
 11431 | D:8      | Reached skill level 12 in Spellcasting
 11486 | D:8      | Killed Amaemon
 11615 | D:8      | Reached * piety under Vehumet
 11615 | D:8      | Offered knowledge of Kiss of Death by Vehumet.
 11620 | D:8      | Reached skill level 10 in Dodging
 12105 | D:8      | Noticed an oklob plant
 12451 | D:9      | Noticed Erica
 12456 | D:9      | Killed Erica
 12456 | D:9      | Offered knowledge of Foxfire by Vehumet.
 12457 | D:9      | Reached skill level 13 in Spellcasting
 12502 | D:9      | Reached XP level 11. HP: 47/47 MP: 29/29
 12509 | D:9      | Reached ** piety under Vehumet
 13256 | D:9      | Noticed Grum
 13262 | D:9      | Killed Grum
 13262 | D:9      | Offered knowledge of Ignite Poison by Vehumet.
 13286 | D:9      | Learned a level 3 spell: Ignite Poison
 13358 | D:9      | Reached *** piety under Vehumet
 13500 | D:9      | Learned a level 3 spell: Dazzling Flash
 13505 | D:9      | Learned a level 4 spell: Iskenderun's Mystic Blast
 13856 | D:10     | Entered Level 10 of the Dungeon
 13871 | D:9      | Offered knowledge of Olgreb's Toxic Radiance by Vehumet.
 14235 | D:10     | Reached skill level 1 in Evocations
 14268 | D:10     | Reached skill level 14 in Spellcasting
 14355 | D:10     | Found a staircase to the Lair.
 14423 | D:10     | Reached **** piety under Vehumet
 14594 | D:10     | Offered knowledge of Lee's Rapid Deconstruction by Vehumet.
 14601 | D:10     | Learned a level 5 spell: Lee's Rapid Deconstruction
 15319 | D:11     | Found an opulent altar of Gozag.
 15411 | D:11     | Reached skill level 1 in Earth Magic
 15473 | D:11     | Noticed a two-headed ogre
 15479 | D:11     | Killed a two-headed ogre
 15480 | D:11     | Reached skill level 10 in Conjurations
 15571 | D:11     | Reached XP level 12. HP: 51/51 MP: 31/31
 15952 | D:11     | Reached skill level 1 in Air Magic
 16559 | D:12     | Reached skill level 15 in Spellcasting
 16579 | D:12     | Reached ***** piety under Vehumet
 16589 | D:12     | Noticed a boulder beetle
 16590 | D:12     | Offered knowledge of Conjure Ball Lightning by Vehumet.
 16669 | D:11     | Learned a level 6 spell: Conjure Ball Lightning
 16779 | D:12     | Killed a boulder beetle
 17060 | D:12     | Reached skill level 5 in Evocations
 17161 | D:12     | Found a staircase to the Orcish Mines.
 17253 | D:12     | Noticed a boulder beetle
 17260 | D:12     | Killed a boulder beetle
 18123 | D:12     | Found a runed translucent gate.
 18123 | D:12     | Found a runed translucent gate.
 18123 | D:12     | Found a runed translucent gate.
 18127 | D:12     | Noticed greenreed's ghost (journeyman MiFi)
 18737 | D:13     | Noticed a vault guard
 18739 | D:13     | Noticed a vault guard
 18740 | D:13     | Killed a vault guard
 18746 | D:13     | Noticed a vault guard
 18751 | D:13     | Killed a vault guard
 18752 | D:13     | Reached XP level 13. HP: 42/55 MP: 20/33
 18957 | D:13     | Offered knowledge of Ozocubu's Refrigeration by Vehumet.
 18991 | D:13     | Reached skill level 16 in Spellcasting
 19317 | D:13     | Found a burning altar of Makhleb.
 20108 | D:13     | Found a gate to the Vaults.
 21451 | D:14     | Found Foxiuf's Jewellery Shoppe.
 21967 | D:15     | Entered Level 15 of the Dungeon
 22394 | D:15     | Noticed an ettin
 22398 | D:15     | Reached skill level 17 in Spellcasting
 22399 | D:15     | Killed an ettin
 22402 | D:15     | Reached skill level 5 in Earth Magic
 22402 | D:15     | Reached XP level 14. HP: 59/59 MP: 23/36
 22515 | D:15     | Found a staircase to the Depths.
 22593 | D:15     | Reached skill level 5 in Air Magic
 22829 | D:15     | Found a shadowy altar of Dithmenos.
 22906 | D:15     | Found a portal to a secret trove of treasure.
 23109 | D:15     | Identified the +1 ring mail "Usto" {Str+3 Dex+2}
 23504 | D:12     | Killed greenreed's ghost
 23673 | Lair:1   | Entered Level 1 of the Lair of Beasts
 25379 | Lair:2   | Reached ****** piety under Vehumet
 25444 | Lair:2   | Offered knowledge of Yara's Violent Unravelling by Vehumet.
 25619 | Lair:2   | Learned a level 5 spell: Yara's Violent Unravelling
 26308 | Lair:3   | Found a hole to the Spider Nest.
 26634 | Lair:3   | Reached skill level 18 in Spellcasting
 26750 | Lair:3   | Found a hide-covered altar of Uskayaw.
 26753 | Lair:3   | Found an ornate altar of the Wu Jian Council.
 27120 | Lair:3   | Identified the +9 plate armour of Day {rElec rF- Stlth+}
 27186 | Lair:3   | Found a staircase to the Swamp.
 27732 | Lair:4   | Offered knowledge of Orb of Destruction by Vehumet.
 27741 | Lair:4   | Learned a level 7 spell: Orb of Destruction
 28341 | Lair:4   | Found a viscous altar of Jiyva.
 28343 | Lair:4   | Found a staircase to the Slime Pits.
 28837 | Lair:5   | Entered Level 5 of the Lair of Beasts
 28855 | Lair:5   | Reached XP level 15. HP: 45/63 MP: 32/38
 30038 | Lair:5   | Reached skill level 10 in Evocations
 30998 | Orc:1    | Entered Level 1 of the Orcish Mines
 31209 | Orc:2    | Entered Level 2 of the Orcish Mines
 31279 | Orc:2    | Offered knowledge of Iron Shot by Vehumet.
 31288 | Orc:2    | Learned a level 6 spell: Iron Shot
 31704 | Orc:2    | Found a staircase to the Elven Halls.
 31777 | Orc:2    | Found Wivaff's Distillery.
 32226 | Orc:2    | Offered knowledge of Irradiate by Vehumet.
 32250 | Orc:2    | Reached skill level 19 in Spellcasting
 32748 | Orc:2    | Found Duth's Antique Weapon Boutique.
 32751 | Orc:2    | Found Qunnuvei's Jewellery Shop.
 32752 | Orc:2    | Found Bonlymm's Magic Scroll Boutique.
 32753 | Orc:2    | Found Zetes's Armour Boutique.
 32756 | Orc:2    | Bought a scroll of poison for 64 gold pieces
 32756 | Orc:2    | Bought a scroll of immolation for 64 gold pieces
 32756 | Orc:2    | Bought a scroll of identify for 32 gold pieces
 32763 | Orc:2    | Bought the ring of Shadows {Umbra +Inv Stlth+} for 480 gold
                  | pieces
 32763 | Orc:2    | Found the ring of Shadows {Umbra +Inv Stlth+}
 33214 | Orc:1    | Found a shimmering blue altar of Sif Muna.
 33221 | Orc:1    | Reached skill level 15 in Dodging
 33259 | Orc:1    | Found a radiant altar of Vehumet.
 33439 | Orc:1    | Got Sif Muna's Incunable of Bringing Forth
 33597 | Spider:1 | Entered Level 1 of the Spider Nest
 33771 | Spider:1 | You fall into a shaft and drop 1 floor!
 33927 | Spider:1 | Offered knowledge of Maxwell's Capacitive Coupling by
                  | Vehumet.
 34354 | Spider:1 | Got Progressing With Witchery
 34646 | Spider:1 | Found a runed translucent gate.
 34647 | Spider:1 | Found a runed translucent gate.
 34744 | Spider:1 | Reached XP level 16. HP: 63/67 MP: 31/40
 35115 | Spider:1 | Found a runed translucent gate.
 35116 | Spider:1 | Noticed workcheese's ghost (journeyman MiBe)
 35117 | Spider:1 | Noticed EonDragon20's ghost (adept MfTm)
 35117 | Spider:1 | Noticed Pesouf's ghost (adept MfHs)
 35117 | Spider:1 | Noticed freelancePsychic's ghost (adept TrWn)
 35173 | Spider:1 | Noticed Rupert
 35182 | Spider:1 | Killed Rupert
 35183 | Spider:1 | Reached skill level 1 in Fire Magic
 35591 | Spider:1 | Killed freelancePsychic's ghost
 35778 | Spider:1 | Killed EonDragon20's ghost
 35936 | Spider:1 | Killed workcheese's ghost
 36119 | Spider:1 | Killed Pesouf's ghost
 36294 | Spider:2 | Noticed Frances
 36317 | Spider:2 | Killed Frances
 36760 | Spider:2 | Offered knowledge of Shatter by Vehumet.
 36760 | Spider:2 | Offered knowledge of Chain Lightning by Vehumet.
 36760 | Spider:2 | Offered knowledge of Ignition by Vehumet.
 37486 | Spider:3 | Reached skill level 20 in Spellcasting
 37808 | Spider:3 | Noticed Nikola
 38170 | Spider:3 | Killed Nikola
 38590 | Spider:4 | Entered Level 4 of the Spider Nest
 39957 | Spider:4 | Reached XP level 17. HP: 41/70 MP: 4/42
 41268 | Spider:4 | Got a gossamer rune of Zot
 41452 | Swamp:1  | Entered Level 1 of the Swamp
 41460 | Swamp:1  | Learned a level 6 spell: Plasma Beam
 42685 | Swamp:1  | You fall into a shaft and drop 1 floor!
 43250 | Swamp:2  | Reached skill level 21 in Spellcasting
 43416 | Swamp:2  | Identified the +3 buckler of Luhunan {rPois Stlth+}
 44460 | Swamp:3  | Found a frozen archway.
 44467 | IceCv    | Entered an ice cave
 44896 | IceCv    | Identified the +0 hat of Tot Popi {Contam Will++ Slay+2}
 45025 | IceCv    | Noticed an Ice Fiend
 45038 | IceCv    | Killed an Ice Fiend
 45259 | IceCv    | Got the Octavo of the Wendigo
 45338 | Swamp:3  | Found a runed translucent door.
 45435 | Swamp:3  | Noticed Unforgiven's ghost (adept AtFi)
 46091 | Swamp:3  | Killed Unforgiven's ghost
 46194 | Swamp:4  | Entered Level 4 of the Swamp
 46224 | Swamp:4  | Reached skill level 5 in Fire Magic
 46372 | Swamp:4  | Reached XP level 18. HP: 74/74 MP: 34/44
 47566 | Swamp:4  | Got a decaying rune of Zot
 48129 | Vaults:1 | Entered Level 1 of the Vaults
 49169 | Vaults:1 | Reached skill level 22 in Spellcasting
 49387 | Vaults:1 | Reached skill level 15 in Conjurations
 49798 | Vaults:1 | Acquired a book of the Senses
 50691 | Vaults:2 | Found a staircase to the Crypt.
 51052 | Vaults:2 | Identified the +2 sling of the Stained God {heavy, Str+3}
 51127 | Vaults:2 | Shot with a bolt by a yaktaur captain

Illustrated notes

Levels and vault maps discovered:
D:1:      kennysheep_arrival_forest, layout_basic, feat_on_display
D:2:      layout_loops_ring, minmay_three_crescents
D:3:      kennysheep_goblin_castle, layout_basic
D:4:      corexii_shantytown, layout_cave_pods, serial_park, serial_park_square1
          [serial_park_minivault_5x5_4], serial_park_square2,
          serial_park_tiny_1, gup_sewer_entry_spiral, dreamdust_wishing_well
D:5:      layout_gridville, dreamdust_princess_bridge
D:6:      layout_cave_pools, mainiacjoe_overflow_divided_tiny,
          kiku_gazebo_pond_becter, chequers_garden, minivault_26
D:7:      layout_rooms, minmay_temple_entry_grid, enter_bailey_3,
          dreamdust_mushroom_princess
D:8:      lemuel_slime, layout_cave_pools,
          mainiacjoe_overflow_concentric_impassable, okawaru_ov_weapons_minmay,
          uniq_amaemon, uniq_joseph
D:9:      layout_roguey [special_room_bee], uniq_erica, uniq_grum
D:10:     layout_rooms, minmay_lair_entry_grove,
          hangedman_abyss_or_decor_jellyfish_corner, roderic_roman_lattice,
          st_stairs_1
D:11:     layout_cave_pods, nicolae_gozag_cash_rules_everything_around_me
D:12:     layout_basic, hiddenorc2_lemuel, gammafunk_ghost_spectres
D:13:     layout_stronghold, ximxim_vaults_locker_room, bloody_makhleb
D:14:     layout_cave_pods, minmay_holes, serial_shops,
          nicolae_shop_behind_doors
D:15:     hangedman_depths_entry_civil_slaughter, layout_loops_corners,
          nicolae_trove_entry_path_of_doom, grunt_dithmenos_smoke
Temple:   bh_familiar_temple
Lair:1:   layout_regular_city, lemuel_fruit_tree, lemuel_fruit_fields
Lair:2:   dreamdust_isle_of_ice, layout_loops_ring
Lair:3:   layout_regular_city, nicolae_swamp_entry_splash_gauntlet,
          hellmonk_spider_entry_life_and_decay, nzn_masters_of_martial_movement,
          serial_bayou_shore_b
Lair:4:   layout_layer_cave, nicolae_slime_entry_field_trip,
          cheibrodos_lair_caveside_slide, cheibrodos_lair_lostbears
Lair:5:   minmay_lair_end_frog_pond, layout_loops_ring, serial_bayou_shore_a,
          infiniplex_staircase_pool_2
Swamp:1:  layout_falls_marsh, hangedman_swamp_ruin_wall,
          nicolae_swamp_spooky_pond, infiniplex_staircase_pool
Swamp:2:  layout_falls_marsh, evilmike_swamp_ruin_house_4, swamp_pool3,
          nzn_swamp_stair_ambush
Swamp:3:  layout_basic_swamp, portal_ice_cave_entry_pillars_four,
          gammafunk_ghost_grave, hangedman_swamp_blocks
Swamp:4:  swamp_fiery, layout_basic_swamp, swamp_pool2, beargit_elvish_explorers
Spider:1: layout_chambers, gammafunk_ghost_cemetery, hive_lemuel, uniq_rupert
Spider:2: nicolae_spider_mines_2, uniq_frances
Spider:3: layout_spider_delve, uniq_nikola
Spider:4: spider_rune_water, hellmonk_narrow_tunnel
Orc:1:    layout_caves, basic_altar, led_sif_book
Orc:2:    st_orc_pillars, layout_caves, serial_shops, nicolae_shop_crystal
Vaults:1: v_misc_13, v_misc_2, nicolae_vaults_little_squares_3, v_rooms_4,
          st_lattice, vaults_room_fours, nicolae_vaults_network_barrier,
          nicolae_vaults_what_the_h, vaults_room_pool, vaults_room_door_hall,
          grunt_vaults_diagonal, layout_vaults_omnibox
Vaults:2: nicolae_vaults_little_squares_4, minmay_crypt_entry_simple_corners,
          v_misc_8, vaults_room_large_hall, vaults_dpeg_diagonal,
          vaults_room_door_ring, vaults_room_large_hall,
          nicolae_vaults_asterisk, hangedman_vaults_stream,
          ontoclasm_vaults_gateway, nicolae_vaults_theta,
          layout_vaults_omnicross, uniq_zenata

Skill      XL: |  1  2  3  4  5  6  7  8  9 10 11 12 13 14 15 16 17 18 |
---------------+-------------------------------------------------------+-----
Conjurations   | 3 4 5 6 7 8 10 11 12 13 14 15 | 15.2
Spellcasting   | 3 4 5 6 7 9 11 13 14 15 17 18 19 20 21 22 | 22.2
Dodging        | 3 4 5 6 7 8 10 11 12 13 14 15 16 17 | 17.5
Evocations     | 3 6 7 9 10 12 13 14 | 14.1
Earth Magic    | 1 3 5 6 7 |  7.3
Air Magic      | 3 4 6 7 8 9 |  9.9
Fire Magic     | 3 5 6 |  6.0
Stealth        | |  3.0
Poison Magic   | |  0.5

Action                     |  1- 3 |  4- 6 |  7- 9 | 10-12 | 13-15 | 16-18 || total
---------------------------+-------+-------+-------+-------+-------+-------++-------
  Melee: Unarmed           |     3 |       |       |       |       |       ||     3
         Punch             |     1 |       |       |       |       |       ||     1
         Whip              |       |     4 |       |       |       |       ||     4
         Short sword       |       |       |     1 |       |       |       ||     1
         Staff             |       |       |       |     5 |    27 |    65 ||    97
   Cast: Magic Dart        |    81 |   161 |   171 |   379 |   471 |    69 ||  1332
         Searing Ray       |     6 |    11 |    61 |   112 |   133 |    15 ||   338
         Mephitic Cloud    |       |       |       |    19 |    30 |    28 ||    77
         Ignite Poison     |       |       |       |    37 |   177 |    78 ||   292
         Lee's Rapid Decon |       |       |       |    13 |    10 |     6 ||    29
         Conjure Ball Ligh |       |       |       |     1 |    10 |       ||    11
         Iskenderun's Myst |       |       |       |       |     1 |       ||     1
         Orb of Destructio |       |       |       |       |    11 |   256 ||   267
         Iron Shot         |       |       |       |       |     7 |    98 ||   105
         Dazzling Flash    |       |       |       |       |     1 |     1 ||     2
         Yara's Violent Un |       |       |       |       |       |     2 ||     2
         Plasma Beam       |       |       |       |       |       |    42 ||    42
Ability: Evoke the Staff o |       |       |       |    31 |   190 |   156 ||   377
  Evoke: Wand              |       |       |     8 |       |       |       ||     8
    Use: Scroll            |       |       |     4 |    11 |     7 |    10 ||    32
         Potion            |       |       |       |       |     2 |     7 ||     9
 Armour: Robe              |     1 |     4 |     5 |    42 |    39 |    29 ||   120
  Dodge: Dodged            |     8 |    29 |    52 |   290 |   288 |   309 ||   976

Table legend: (Time is in decaauts)
 A = Elapsed time spent in this place.
 B = Non-inter-level travel time spent in this place.
 C = Inter-level travel time spent in this place.
 D = Time resting spent in this place.
 E = Time spent auto-exploring this place.
 F = Levels seen in this place.
 G = Mean time per level.
                   A        B        C        D        E       F      G
               +--------+--------+--------+--------+--------+-----+--------+
         Total |  41357 |  39768 |   1589 |   4140 |  28472 |  36 | 1148.8 |
       Dungeon |  16914 |  16083 |    831 |    891 |  12407 |  15 | 1127.6 |
        Temple |    128 |    115 |     13 |      0 |    106 |   1 |  128.0 |
          Lair |   6147 |   5873 |    274 |    375 |   4409 |   5 | 1229.4 |
         Swamp |   4543 |   4386 |    157 |    940 |   2691 |   4 | 1135.8 |
   Spider Nest |   6488 |   6338 |    150 |    760 |   4354 |   4 | 1622.0 |
  Orcish Mines |   2002 |   1905 |     97 |      0 |   1444 |   2 | 1001.0 |
        Vaults |   2501 |   2438 |     63 |    317 |   1828 |   2 | 1250.5 |
         Sewer |    206 |    206 |      0 |      0 |    178 |   1 |  206.0 |
        Bailey |   1647 |   1647 |      0 |    491 |    809 |   1 | 1647.0 |
      Ice Cave |    777 |    777 |      0 |    364 |    242 |   1 |  777.0 |
               +--------+--------+--------+--------+--------+-----+--------+

Top non-repeatable levels by time:
Spider:4: 2290 daAuts
Spider:1: 2148 daAuts
Vaults:1: 1823 daAuts
    D:12: 1709 daAuts
   Orc:2: 1680 daAuts
  Lair:5: 1665 daAuts
  Bailey: 1647 daAuts
    D:13: 1467 daAuts
 Swamp:1: 1365 daAuts
 Swamp:4: 1336 daAuts
  Lair:3: 1318 daAuts
     D:4: 1302 daAuts
     D:8: 1293 daAuts
     D:2: 1269 daAuts
     D:3: 1267 daAuts
